 Dungeon Crawl Stone Soup version 0.29-a0-613-gf2c431b9b9 (webtiles) character file.

Game seed: 14614123744650770163

57715 schauveau the Executioner (level 14, 0/130 HPs)
             Began as a Minotaur Berserker on June 16, 2022.
             Was the Champion of Trog.
             Killed from afar by Nikola (85 damage)
             ... with an arc of chain lightning
             ... on level 1 of the Shoals.
             The game lasted 00:45:41 (15321 turns).

schauveau the Executioner (Minotaur Berserker)     Turns: 15321, Time: 00:45:41

Health: 0/130      AC: 33    Str: 25    XL:     14   Next: 46%
Magic:  13/13      EV:  8    Int:  4    God:    Trog [******]
Gold:   811        SH:  0    Dex: 12    Spells: 13/13 levels left

rFire   + . .      SeeInvis .   x - +3 executioner's axe (vorpal)
rCold   . . .      Faith    .   (shield currently unavailable)
rNeg    + + +      Spirit   .   L - +9 plate armour of Ytaec {rN++ Slay+3}
rPois   .          Reflect  .   (helmet restricted)
rElec   .          Harm     .   m - +0 cloak
rCorr   .          Rampage  .   (no gloves)
Will    +....                   i - +1 pair of boots of Restlessness {rF+}
Stlth   ..........              e - amulet of regeneration
HPRegen 1.11/turn               d - ring of positive energy
MPRegen 0.13/turn               F - +4 ring of protection

@: no status effects
A: horns 2, retaliatory headbutt
a: Renounce Religion, Berserk, Trog's Hand, Brothers in Arms


You were on level 1 of the Shoals.
You worshipped Trog.
Trog was exalted by your worship.
You visited 5 branches of the dungeon, and saw 20 of its levels.
You also visited: Sewer and Bailey.

You collected 1155 gold pieces.
You spent 344 gold pieces at shops.

Inventory:

Hand Weapons
 k - the +5 battleaxe "Oteun" {vorpal, rPois}
   (You acquired it on level 1 of the Shoals)

   It inflicts extra damage upon your enemies.
   rPois:     It protects you from poison.
 w - a +4 dire flail of freezing
 x - a +3 vorpal executioner's axe (weapon)
 K - a +4 flail of holy wrath
Missiles
 a - 31 poisoned darts (quivered)
Armour
 i - the +1 pair of boots of Restlessness (worn) {rF+}
   (You bought it in a shop on level 7 of the Dungeon)

   rF:        It protects you from fire.
 m - a +0 cloak (worn)
 s - +0 fire dragon scales
 L - the +9 plate armour of Ytaec (worn) {rN++ Slay+3}
   (You found it on level 6 of the Dungeon)

   Slay:      It affects your accuracy & damage with ranged weapons and melee
   (+3).
   rN:        It greatly protects you from negative energy.
Jewellery
 d - a ring of positive energy (left hand)
 e - an amulet of regeneration (around neck)
 t - a ring of positive energy
 v - a ring of protection from fire
 F - a +4 ring of protection (right hand)
Wands
 r - a wand of iceblast (6)
 z - a wand of digging (2)
 H - a wand of quicksilver (9)
 M - a wand of charming (5)
Scrolls
 b - a scroll of torment {unknown}
 c - 2 scrolls of enchant armour
 f - 2 scrolls of summoning
 o - 4 scrolls of fear
 q - 8 scrolls of teleportation
 B - 3 scrolls of silence
 C - 5 scrolls of blinking
 E - 3 scrolls of fog
 J - 2 scrolls of magic mapping
Potions
 g - 3 potions of flight
 h - 5 potions of curing
 j - a potion of mutation {unknown}
 l - 4 potions of haste
 n - 2 potions of heal wounds
 p - a potion of resistance {unknown}
 G - 2 potions of might
 I - 2 potions of ambrosia
 N - 2 potions of invisibility
 P - 2 potions of brilliance {unknown}
Miscellaneous
 D - a condenser vane
 O - a lightning rod (4/4)


   Skills:
 + Level 13.7 Fighting
 * Level 23.1 Axes
 + Level 13.2 Armour
 - Level 2.2 Dodging
 + Level 1.6 Stealth


You had 13 spell levels left.
You didn't know any spells.
Your spell library was empty.

Dungeon Overview and Level Annotations

Branches:
Dungeon (11/15)            Temple (1/1) D:5            Lair (5/6) D:10
 Shoals (2/4) Lair:3       Spider (1/4) Lair:4        Sewer (visited)
 Bailey (visited)
  Slime: Lair:5-6       Orc: D:9-12

Altars:
Ashenzari
Cheibriados
Dithmenos
Elyvilon
Fedhas
Gozag
Hepliaklqana
Kikubaaqudgha
Makhleb
Nemelex Xobeh
Okawaru
Qazlal
Ru
Sif Muna
Trog
Uskayaw
Vehumet
Wu Jian
Xom
Yredelemnul
Zin
The Shining One

Shops:
D:3 (:(?   D:7 [   D:8 *   Shoals:1 (

Portals:
Abyss: Lair:4

Annotations:
D:6 2 runed translucent doors, exclusions: 2 doors and 4 more exclusions, Tonnatak's ghost, amateur DsGl
D:11 Psyche
Lair:1 2 transporters, Ocesy's ghost, journeyman DjFE
Lair:4 2 transporters, gabibbone's ghost, journeyman PaWr
Shoals:1 Nikola
Shoals:2 2 runed translucent doors, gabibbone's ghost, adept DrTm


Innate Abilities, Weirdness & Mutations

You have a pair of horns on your head.
You reflexively headbutt those who attack you in melee.


Message History

The sling bullet hits you but does no damage.
Things that are here:
a +0 club; a +0 hunting sling You enter the shallow water.
Moving in this stuff is going to be slow.
The faun unwields a +0 hunting sling.
The faun wields a +0 quarterstaff.
The faun hits you with a +0 quarterstaff.
You chop the faun into pieces!!!
You kill the faun!
Trog accepts your kill.
Trog appreciates your killing of a magic user.
Things that are here:
a +0 quarterstaff; a +0 hunting sling No target in view!
You enter the shallow water.
Moving in this stuff is going to be slow.
Things that are here:
a +0 club; a +0 hunting sling
Things that are here:
a +0 club; a +0 hunting sling; a faun corpse HP restored.
Things that are here:
a +0 club; a +0 hunting sling Nikola the Mad Inventor comes into view.
He is wielding a +1 rapier of electrocution.
Nikola is nearby!
Nikola casts a spell at you.
The bolt of lightning hits you but does no damage.
Nikola points at you and mumbles some strange words.
The bolt of lightning hits you!!!
You slice Nikola!! Your headbutt misses Nikola.
Nikola is lightly wounded.
Nikola barely misses you.
You slice Nikola!!
Nikola is moderately wounded.
You hit Nikola.
Nikola is moderately wounded.
Nikola gestures wildly while chanting.
Lightning arcs from Nikola's hands!
The bolt of lightning hits you!!!!
Ouch! That really hurt!
You die...

≈...≈
##.###.≈≈≈≈≈..≈≈...≈≈
.....
##...#..≈≈≈≈....≈≈...≈
≈≈##
#.......≈≈.....≈≈≈...≈
≈≈###
...........#...≈≈≈≈≈≈≈
.....
..≈≈≈≈≈≈..##......≈≈≈≈
.....
≈≈≈≈≈........≈.....≈≈≈
.###.
≈≈≈≈≈...###.......≈≈≈≈
.#
≈≈≈≈≈≈..###.....≈≈≈≈≈
.#
≈≈≈≈≈..@@....≈..≈≈≈≈≈
##
≈≈≈≈≈≈≈≈.....≈.≈≈≈≈≈ #
.≈≈≈≈≈≈≈≈.≈.≈≈≈≈≈≈≈≈ #
≈...≈≈≈≈≈≈≈≈≈≈≈≈≈≈≈≈ #
≈..≈≈≈..≈≈≈≈≈≈.≈≈≈≈ .#
≈≈≈≈≈≈≈≈≈≈..≈≈≈≈≈≈≈ ..
≈≈≈≈≈≈≈.......≈≈≈≈≈
≈≈≈≈≈≈≈≈......≈≈≈≈≈
≈≈≈≈≈≈≈....≈≈≈≈≈≈


You could see Nikola.

Vanquished Creatures
  An orc warlord (Bailey)
  Snorg (Lair:4)
  A merfolk javelineer (Shoals:2)
  A fire dragon (Lair:1)
  A hydra (Lair:2)
  2 merfolk avatars
  A two-headed ogre (D:10)
  5 death yaks
  Urug (D:10)
  3 sea snakes (Shoals:2)
  12 harpies
  Pikel (D:6)
  An orc knight (Bailey)
  A deep elf pyromancer (D:9)
  An oklob plant (Lair:4)
  2 manticores (Shoals:2)
  4 fauns
  2 merfolk sirens
  13 elephants
  A water nymph (Shoals:2)
  3 black mambas
  13 cane toads
  A torpor snail (Lair:4)
  2 rime drakes
  A gargoyle (D:8)
  4 komodo dragons
  Maggie (D:6)
  A wind drake (Shoals:1)
  2 polar bears
  Prince Ribbit (D:5)
  2 merfolk
  13 blink frogs
  5 trolls
  A snapping turtle (Lair:3)
  8 yaks
  2 culicivoras (Lair:4)
  A water elemental (Shoals:1)
  Eustachio (D:6)
  2 wyverns (Lair:4)
  2 basilisks
  A redback (Lair:4)
  Grum (D:8)
  Edmund (D:6)
  A steam dragon (Lair:3)
  14 water moccasins
  A black bear (D:5)
  A sky beast (D:7)
  11 orc warriors
  2 ice beasts
  An ogre (D:6)
  4 centaurs
  23 wolves
  A lemure (D:6)
  3 phantoms
  5 kobold brigands
  3 necrophages
  3 gnoll sergeants
  14 bullfrogs
  A scorpion (D:6)
  7 wights
  3 electric eels
  2 howler monkeys
  2 jellies
  7 orc priests
  A gnoll shaman (D:10)
  5 hounds
  An iguana (D:6)
  12 orc wizards
  23 gnolls
  11 adders
  2 shadow imps
  A white imp (D:8)
  3 ufetubi
  2 worms (D:2)
  3 dart slugs
  42 orcs
  16 ball pythons
  6 bats
  12 endoplasms
  19 giant cockroaches
  14 goblins
  21 hobgoblins
  11 jackals
  20 kobolds
  16 quokkas
  8 frilled lizards
  3 rats
485 creatures vanquished.

Vanquished Creatures (others)
  20 fungi
  43 plants
63 creatures vanquished.

Grand Total: 548 creatures vanquished

Notes
Turn   | Place    | Note
-------+----------+-------------------------------------------
     0 | D:1      | schauveau the Minotaur Berserker began the quest for the
                  | Orb.
     0 | D:1      | Reached XP level 1. HP: 19/19 MP: 0/0
   130 | D:1      | Reached skill level 4 in Axes
   130 | D:1      | Reached XP level 2. HP: 20/27 MP: 1/1
   589 | D:1      | Found a faded altar of an unknown god.
  1087 | D:2      | Reached XP level 3. HP: 24/34 MP: 2/2
  1292 | D:2      | Reached skill level 5 in Axes
  1297 | D:2      | Reached ** piety under Trog
  1429 | D:2      | Reached XP level 4. HP: 32/41 MP: 3/3
  1956 | D:3      | Found Xiub's Book Shop.
  1994 | D:3      | Found Nuteven's Weapon Shop.
  2056 | D:3      | Found Tihiogg's Antique Weapon Boutique.
  2196 | D:3      | Reached skill level 6 in Axes
  2199 | D:3      | Reached XP level 5. HP: 43/47 MP: 4/4
  2486 | D:3      | Found Meshir's Magic Scroll Emporium.
  2493 | D:3      | Bought a scroll of identify for 20 gold pieces
  2493 | D:3      | Bought a scroll of teleportation for 30 gold pieces
  2557 | D:3      | Found a sacrificial altar of Ru.
  2941 | D:4      | Reached skill level 7 in Axes
  2998 | D:4      | Reached XP level 6. HP: 48/55 MP: 5/5
  3116 | D:4      | Reached *** piety under Trog
  3299 | D:4      | Found the amulet of Elemental Vulnerability {rPois rF--
                  | rC-- AC+8}
  3444 | D:4      | You fall into a shaft and drop 3 floors!
  3456 | D:7      | Reached skill level 5 in Fighting
  3456 | D:7      | Reached skill level 8 in Axes
  3490 | D:6      | Noticed Eustachio
  3535 | D:7      | Reached XP level 7. HP: 54/61 MP: 6/6
  3558 | D:6      | Noticed Pikel
  3582 | D:6      | Killed Pikel
  3583 | D:6      | Reached skill level 10 in Axes
  3583 | D:6      | Reached skill level 1 in Stealth
  3583 | D:6      | Reached XP level 8. HP: 43/70 MP: 7/7
  3629 | D:6      | Noticed Maggie
  3722 | D:7      | Found Inagot's Antique Armour Emporium.
  3805 | D:7      | Identified the +0 scale mail "Obba" {Rampage Int+3}
  3841 | D:7      | Reached skill level 11 in Axes
  3873 | D:7      | Reached **** piety under Trog
  4205 | D:6      | Found a runed translucent door.
  4227 | D:6      | Noticed Tonnatak's ghost (amateur DsGl)
  4239 | D:6      | Reached skill level 12 in Axes
  4287 | D:6      | Reached skill level 5 in Armour
  4347 | D:5      | Entered Level 5 of the Dungeon
  4361 | D:5      | Reached XP level 9. HP: 78/78 MP: 8/8
  4399 | D:5      | Noticed Prince Ribbit
  4422 | D:5      | Killed Prince Ribbit
  4573 | D:5      | Found a glowing drain.
  4590 | Sewer    | Entered a sewer
  4701 | Sewer    | Reached ***** piety under Trog
  4841 | Sewer    | Reached skill level 13 in Axes
  5747 | D:5      | Found a staircase to the Ecumenical Temple.
  5837 | Temple   | Entered the Ecumenical Temple
  6524 | D:6      | Noticed Edmund
  6533 | D:6      | Killed Eustachio
  6534 | D:6      | Killed Edmund
  6535 | D:6      | Reached skill level 14 in Axes
  6634 | D:6      | Identified the +9 plate armour of Ytaec {rN++ Slay+3}
  6954 | D:6      | Reached XP level 10. HP: 88/88 MP: 9/9
  6993 | D:6      | Killed Maggie
  7065 | D:6      | Found a runed translucent door.
  7273 | D:8      | Received a gift from Trog
  7335 | D:8      | Found Adghupes's Assorted Antiques.
  7392 | D:8      | Noticed a gargoyle
  7401 | D:8      | Killed a gargoyle
  7402 | D:8      | Reached skill level 15 in Axes
  7712 | D:8      | Noticed Grum
  7732 | D:8      | Killed Grum
  8212 | D:9      | Noticed a deep elf pyromancer
  8218 | D:9      | Killed a deep elf pyromancer
  8219 | D:9      | Reached skill level 16 in Axes
  8286 | D:9      | Found a flagged portal.
  8295 | Bailey   | Entered a bailey
  8445 | Bailey   | Noticed an orc knight
  8447 | Bailey   | Received a gift from Trog
  8460 | Bailey   | Killed an orc knight
  8634 | Bailey   | Noticed an orc warlord
  8645 | Bailey   | Reached XP level 11. HP: 97/97 MP: 10/10
  8654 | Bailey   | Killed an orc warlord
  8655 | Bailey   | Reached skill level 17 in Axes
  8928 | D:7      | Bought a pair of dazzling boots for 294 gold pieces
  8928 | D:7      | Identified the +1 pair of boots of Restlessness {rF+} (You
                  | bought it in a shop on level 7 of the Dungeon)
  9183 | D:10     | Entered Level 10 of the Dungeon
  9335 | D:10     | Found a staircase to the Lair.
  9368 | D:10     | Noticed Urug
  9392 | D:10     | Killed Urug
  9751 | D:10     | Reached skill level 18 in Axes
 10003 | D:10     | Noticed a two-headed ogre
 10009 | D:10     | Killed a two-headed ogre
 10084 | D:11     | Noticed Psyche
 10196 | Lair:1   | Entered Level 1 of the Lair of Beasts
 10227 | Lair:1   | Reached skill level 19 in Axes
 10227 | Lair:1   | Reached XP level 12. HP: 106/106 MP: 11/11
 10235 | Lair:1   | Noticed a six-headed hydra
 10236 | Lair:1   | Noticed a four-headed hydra
 10240 | Lair:1   | Noticed Ocesy's ghost (journeyman DjFE)
 10244 | Lair:1   | Found a transporter.
 10259 | Lair:1   | Noticed a death yak
 10321 | Lair:1   | Reached skill level 10 in Fighting
 10466 | Lair:1   | Reached skill level 20 in Axes
 10715 | Lair:1   | Noticed a fire dragon
 10729 | Lair:1   | Killed a fire dragon
 10730 | Lair:1   | Reached skill level 10 in Armour
 10852 | Lair:1   | Found a transporter.
 11341 | Lair:3   | Noticed a six-headed hydra
 11362 | Lair:2   | Killed a 16-headed hydra
 12238 | Lair:3   | Noticed a death yak
 12239 | Lair:3   | Noticed a death yak
 12239 | Lair:3   | Noticed a death yak
 12250 | Lair:3   | Killed a death yak
 12251 | Lair:3   | Reached XP level 13. HP: 109/114 MP: 12/12
 12486 | Lair:3   | Reached skill level 21 in Axes
 12538 | Lair:3   | Reached ****** piety under Trog
 12554 | Lair:3   | Received a gift from Trog
 12579 | Lair:3   | Found a staircase to the Shoals.
 13292 | Lair:4   | Noticed Snorg
 13297 | Lair:4   | Killed Snorg
 13311 | Lair:4   | Found a hole to the Spider Nest.
 13348 | Spider:1 | Entered Level 1 of the Spider Nest
 13726 | Lair:4   | Found a transporter.
 13728 | Lair:4   | Found a one-way gate to the infinite horrors of the Abyss.
 13728 | Lair:4   | Noticed gabibbone's ghost (journeyman PaWr)
 13739 | Lair:4   | Found a transporter.
 14212 | Lair:5   | Reached skill level 22 in Axes
 14517 | Shoals:1 | Entered Level 1 of the Shoals
 14568 | Shoals:2 | Found a large runed translucent door.
 14568 | Shoals:2 | Found a large runed translucent door.
 14575 | Shoals:2 | Reached XP level 14. HP: 121/127 MP: 13/13
 14607 | Shoals:2 | Noticed gabibbone's ghost (adept DrTm)
 14669 | Shoals:2 | Received a gift from Trog
 14969 | Shoals:1 | Reached skill level 23 in Axes
 14998 | Shoals:1 | Identified a scroll of acquirement
 15001 | Shoals:1 | Acquired the +5 battleaxe "Oteun" {vorpal, rPois}
 15133 | Shoals:1 | Found Zyupuine's Antique Weapon Emporium.
 15306 | Shoals:1 | Noticed Nikola
 15321 | Shoals:1 | Killed from afar by Nikola

Illustrated notes

Levels and vault maps discovered:
D:1:      heliophobic_arrival_dark_side_of_the_moon, layout_loops_ring,
          shapermc_ecumenical_altar_mp_ritualfount
D:2:      minmay_chambers_of_ones, layout_rooms, chequers_arboretum,
          minmay_ruptured
D:3:      layout_rooms, nicolae_ru_great_annihilating_truth, serial_shops,
          nicolae_shop_advertising_works [nicolae_subvault_shop_adworks], shop,
          nicolae_shop_stone, shop, dreamdust_princess_corridor, st_stairs_4,
          uniq_crazy_yiuf_cottage
D:4:      layout_loops_corners, grunt_ministairs_11
D:5:      layout_loops_corners, minmay_temple_entry_glassed_door,
          gup_sewer_entry_pipe, minmay_misc_feat_rugged, uniq_prince_ribbit1
D:6:      layout_basic, ebering_ghost_sewer_f, kennysheep_minor_cross,
          uniq_maggie, uniq_eustachio, uniq_pikel, uniq_edmund
D:7:      layout_cave_pools, serial_shops, shop
D:8:      layout_loops_corners, serial_shops, nicolae_take_the_stairs,
          kennysheep_dice, uniq_grum
D:9:      layout_big_octagon, enter_bailey_8, minmay_misc_feat_encased
D:10:     layout_gridville, erik_lair_island, serial_rivers,
          chequers_serial_rivers_small_a, chequers_serial_rivers_micro_a,
          chequers_serial_rivers_micro_e, chequers_serial_rivers_micro_b,
          chequers_serial_rivers_room_b, chequers_serial_rivers_large_a,
          uniq_urug
D:11:     kennysheep_blocky_room, layout_basic,
          nicolae_yredelemnul_ghost_church, uniq_gastronok, uniq_erica,
          uniq_maurice, uniq_psyche
Temple:   minmay_crystal_snake_temple
Lair:1:   dragon1_lemuel, layout_concentric_octagons, nzn_ghost_randoct,
          infiniplex_staircase_pool_2, lemuel_fruit_tree
Lair:2:   layout_cave_pods, serial_bayou_shore_b, serial_bayou_shore_a
Lair:3:   layout_loops_ring, minmay_shoals_entry_hut
Lair:4:   layout_loops_ring, hellmonk_spider_entry_life_and_decay,
          gammafunk_ghost_abyssal_escape, beast_lair_carwin_8,
          serial_bayou_shore_b, serial_bayou_shore_b, uniq_snorg
Lair:5:   layout_regular_city, gammafunk_ghost_ooze, grunt_megastairs_3
Shoals:1: layout_shoals, serial_shops, nicolae_shop_waterfront, uniq_nikola
Shoals:2: layout_shoals, ebering_ghost_disaster_area, nicolae_shop_firing_range
Spider:1: layout_spider_delve, gammafunk_ghost_grave

Skill      XL: |  1  2  3  4  5  6  7  8  9 10 11 12 13 14 |
---------------+-------------------------------------------+-----
Axes           | 4 5 6 7 8 10 12 14 16 19 20 22 23 | 23.1
Fighting       | 4 5 6 7 9 10 12 13 | 13.7
Armour         | 3 5 6 7 9 10 12 13 | 13.2
Stealth        | 1 |  1.6
Dodging        | |  2.2

Action                   |  1- 3 |  4- 6 |  7- 9 | 10-12 | 13-15 || total
-------------------------+-------+-------+-------+-------+-------++-------
Melee: Hand axe          |    69 |     9 |       |       |       ||    78
       Headbutt          |     9 |    16 |    56 |    65 |    62 ||   208
       War axe           |       |   101 |   298 |    31 |       ||   430
       Punch             |       |     1 |     2 |     1 |       ||     4
       Battleaxe         |       |       |       |   299 |   245 ||   544
       Executioner's axe |       |       |       |       |    67 ||    67
Invok: Berserk           |       |     1 |     2 |     2 |       ||     5
  Use: Scroll            |       |       |     5 |     9 |    10 ||    24
       Potion            |       |       |       |     1 |     5 ||     6
 Stab: Paralysed         |       |     1 |       |       |       ||     1
Armor: Animal skin       |    11 |    12 |       |       |       ||    23
       Ring mail         |       |     8 |       |       |       ||     8
       Chain mail        |       |     3 |   118 |       |       ||   121
       Plate armour      |       |       |    18 |   293 |   297 ||   608
Dodge: Dodged            |    40 |    72 |   105 |   119 |   130 ||   466

Table legend: (Time is in decaauts)
 A = Elapsed time spent in this place.
 B = Non-inter-level travel time spent in this place.
 C = Inter-level travel time spent in this place.
 D = Time resting spent in this place.
 E = Time spent auto-exploring this place.
 F = Levels seen in this place.
 G = Mean time per level.
                   A        B        C        D        E       F      G
               +--------+--------+--------+--------+--------+-----+--------+
         Total |  15434 |  14498 |    936 |    416 |   8855 |  22 |  701.5 |
       Dungeon |   9294 |   8762 |    532 |    159 |   5709 |  11 |  844.9 |
        Temple |    202 |    166 |     36 |      0 |    138 |   1 |  202.0 |
          Lair |   4309 |   3942 |    367 |    136 |   2800 |   5 |  861.8 |
        Shoals |    814 |    814 |      0 |     91 |    178 |   2 |  407.0 |
   Spider Nest |      1 |      1 |      0 |      0 |      0 |   1 |    1.0 |
         Sewer |    344 |    344 |      0 |      0 |     28 |   1 |  344.0 |
        Bailey |    467 |    467 |      0 |     30 |      0 |   1 |  467.0 |
               +--------+--------+--------+--------+--------+-----+--------+

Top non-repeatable levels by time:
  Lair:4: 1168 daAuts
     D:2: 1125 daAuts
     D:6: 1069 daAuts
     D:8: 1064 daAuts
     D:4: 1064 daAuts
  Lair:1: 1016 daAuts
    D:10: 1012 daAuts
     D:3: 1000 daAuts
  Lair:2: 993 daAuts
  Lair:3: 974 daAuts
     D:5: 935 daAuts
     D:1: 796 daAuts
     D:7: 742 daAuts
Shoals:1: 495 daAuts
     D:9: 478 daAuts
